 Dungeon Crawl Stone Soup version 0.27.1-4-g1640c2035a (webtiles) character file.

Game seed: 17919980995580637276

7 Joey1 the Chiller (level 2, 0/19 HPs)
             Began as a Human Ice Elementalist on Nov 11, 2021.
             Succumbed to an adder's poison
             ... on level 2 of the Dungeon on Nov 16, 2021.
             The game lasted 00:06:57 (411 turns).

Joey1 the Chiller (Human Ice Elementalist)           Turns: 411, Time: 00:06:58

Health: 0/19       AC:  5    Str:  8    XL:     2   Next: 10%
Magic:  5/5        EV:  9    Int: 15    God:
Gold:   18         SH:  0    Dex: 13    Spells: 4/5 levels left

rFire    . . .     SeeInvis .   b - +0 dagger
rCold    . . .     Faith    .   (no shield)
rNeg     . . .     Spirit   .   a - +0 robe
rPois    .         Reflect  .   (no helmet)
rElec    .         Harm     .   (no cloak)
rCorr    .         Rampage  .   c - +2 pair of gloves {archery}
Will     .....                  (no boots)
Stlth    ++........             (no amulet)
HPRegen  0.06/turn              (no ring)
MPRegen  0.09/turn              (no ring)

@: lethally poisoned (0 -> -5), constricted
A: no striking features
a: no special abilities


You were on level 2 of the Dungeon.
You visited 1 branch of the dungeon, and saw 2 of its levels.

You collected 18 gold pieces.

Inventory:

Hand Weapons
 b - a +0 dagger (weapon)
Missiles
 e - 15 stones
Armour
 a - a +0 robe (worn)
 c - a +2 pair of gloves of archery (worn)
Potions
 d - a potion of mutation {unknown}


   Skills:
 + Level 2.1 Dodging
 + Level 2.0 Stealth
 + Level 2.0 Spellcasting
 + Level 4.3 Ice Magic


You had 4 spell levels left.
You knew the following spells:

 Your Spells              Type           Power      Damage    Failure   Level
a - Freeze                Ice            56%        1d7       3%          1

Your spell library contained the following spells:

 Spells                   Type           Power      Damage    Failure   Level
 Frozen Ramparts          Ice            28%        1d4       12%         3
 Ozocubu's Armour         Ice            14%        N/A       12%         3
 Pain                     Necr           4%         1d4       22%         1
 Hailstorm                Conj/Ice       7%         3d4       67%         4
 Agony                    Necr           1%         N/A       99%         5
 Excruciating Wounds      Necr           0%         N/A       99%         5


Dungeon Overview and Level Annotations

Branches:
Dungeon (2/15)

Altars:


Message History

The ball python constricts you. The adder bites you but does no damage.
The ball python closely misses you. The ball python constricts you.
The adder bites you but does no damage. The ball python completely misses you.
The ball python constricts you. The adder bites you but does no damage.
The ball python completely misses you. The ball python constricts you.
The adder bites you but does no damage. The ball python bites you.
The ball python constricts you. The adder barely misses you.
The ball python completely misses you. The ball python constricts you.
The adder bites you but does no damage. The adder barely misses you.
The ball python bites you but does no damage.
The ball python constricts you. The adder bites you but does no damage.
The ball python bites you but does no damage.
The ball python constricts you. The adder bites you but does no damage.
The ball python bites you but does no damage.
The ball python constricts you. The adder bites you but does no damage.
The ball python misses you. The ball python constricts you.
The adder barely misses you. The ball python bites you.
The ball python constricts you. The adder bites you but does no damage.
The ball python barely misses you. The ball python constricts you.
The adder bites you but does no damage. The ball python closely misses you.
The ball python constricts you. The adder bites you but does no damage.
The ball python bites you. The ball python constricts you. The adder bites you.
* * * LOW HITPOINT WARNING * * *
The ball python bites you but does no damage.
The ball python constricts you. The adder bites you.
* * * LOW HITPOINT WARNING * * *
The ball python bites you but does no damage.
The ball python constricts you. The adder bites you but does no damage.
The ball python barely misses you. The ball python constricts you.
The adder bites you.
* * * LOW HITPOINT WARNING * * *
You are lethally poisoned!
The adder poisons you!
You die...

### .. # #.# ..###..##
#.# ..(.....####.#
#..........#.# .
......S@##.#.###### !.
##....S...........# #..
.................$# ....
............<.....##....
..#####.................
. .............(..#....
#####................
#..........##....
#.........<# ....


You could see an adder and a ball python.

Vanquished Creatures
  An endoplasm (D:1)
  A goblin (D:1)
  A hobgoblin (D:1)
  A ball python (D:1)
  A bat (D:2)
  2 frilled lizards (D:1)
  A rat (D:1)
8 creatures vanquished.

Notes
Turn   | Place    | Note
-------+----------+-------------------------------------------
     0 | D:1      | Joey1 the Human Ice Elementalist began the quest for the
                  | Orb.
     0 | D:1      | Reached XP level 1. HP: 13/13 MP: 3/3
   339 | D:1      | Reached XP level 2. HP: 18/19 MP: 5/5
   411 | D:2      | Succumbed to an adder's poison

Illustrated notes

Levels and vault maps discovered:
D:1:      amcnicky_arrival_feature_with_door, layout_basic
D:2:      layout_rooms, uniq_terence

Action                   || total
-------------------------++-------
Melee: Unarmed           ||    12
       Dagger            ||    10
 Cast: Freeze            ||     3
Armor: Robe              ||    22
Dodge: Dodged            ||    28
